 Dungeon Crawl Stone Soup version 0.27-a0-1513-g2aaa0cc67b (webtiles) character file.

Game seed: 17128937318454256453

25 bilbop the Caller (level 3, 0/20 HPs)
             Began as a Kobold Summoner on July 10, 2021.
             Slain by Natasha (6 damage)
             ... on level 2 of the Dungeon.
             The game lasted 00:08:46 (1109 turns).

bilbop the Caller (Kobold Summoner)                 Turns: 1109, Time: 00:08:46

Health: 0/20       AC:  2    Str:  5    XL:     3   Next: 17%
Magic:  4/6        EV: 15    Int: 17    God:
Gold:   29         SH:  0    Dex: 15    Spells: 2/7 levels left

rFire    . . .     SeeInvis .   a - +0 dagger
rCold    . . .     Faith    .   (shield restricted)
rNeg     . . .     Spirit   .   b - +0 robe
rPois    .         Reflect  .   (no helmet)
rElec    .         Harm     .   (no cloak)
rCorr    .         Rampage  .   (no gloves)
Will     .....                  (no boots)
Stlth    +++.......             (no amulet)
HPRegen  0.06/turn              (no ring)
MPRegen  0.10/turn              (no ring)

@: no status effects
A: small, no large weapons, nightstalker 3
a: no special abilities


You were on level 2 of the Dungeon.
You visited 1 branch of the dungeon, and saw 2 of its levels.

You collected 29 gold pieces.

Inventory:

Hand Weapons
 a - a +0 dagger (weapon)
Armour
 b - a +0 robe (worn)
Scrolls
 c - 2 scrolls of torment {unknown}
 d - a scroll of magic mapping {unknown}


   Skills:
 + Level 0.7 Fighting
 + Level 1.1 Short Blades
 + Level 2.7 Dodging
 + Level 3.1 Stealth
 + Level 2.5 Spellcasting
 + Level 0.0 Hexes
 + Level 4.1 Summonings


You had 2 spell levels left.
You knew the following spells:

 Your Spells              Type           Power      Damage    Failure   Level
a - Summon Small Mammal   Summ           64%        N/A       3%          1
b - Call Imp              Summ           16%        N/A       4%          2
c - Ensorcelled Hibernat  Hex/Ice        4%         N/A       28%         2

Your spell library contained the following spells:

 Spells                   Type           Power      Damage    Failure   Level
 Call Canine Familiar     Summ           16%        N/A       10%         3
 Summon Guardian Golem    Hex/Summ       9%         N/A       24%         3
 Spider Form              Tmut/Pois      1%         N/A       50%         3
 Summon Lightning Spire   Summ/Air       9%         N/A       61%         4
 Shadow Creatures         Summ           N/A        N/A       99%         6


Dungeon Overview and Level Annotations

Branches:
Dungeon (2/15)

Altars:

Annotations:
D:2 Natasha


Innate Abilities, Weirdness & Mutations

You are small and have problems with some larger weapons.
You are completely attuned to the shadows.


Message History

No target in view!
Things that are here:
a +0 club; a goblin corpse
There is a stone staircase leading down, spattered with blood here.
You see here a +0 dagger.
Done exploring.
You see here a +0 dagger.
There is a stone staircase leading down, spattered with blood here.
You climb downwards.
Natasha, Servant of Life and Death comes into view.
Found 17 gold pieces and a mace.
There is a stone staircase leading up here.
The helpless Natasha fails to defend herself.
You puncture Natasha!
Natasha is almost dead.
Natasha claws you.
You barely miss Natasha.
Natasha is almost dead.
Natasha closely misses you.
Casting: Call Imp (safe; 4% risk of failure)
Confirm with . or Enter, or press ? or * to list all spells.
A beastly little devil appears in a puff of frigid air.
Natasha casts a spell at you. The magic dart hits you!
You hit Natasha but do no damage.
Natasha is almost dead.
Natasha casts a spell at you. You resist with significant effort.
You closely miss Natasha.
Natasha is almost dead.
Natasha stares at you and mumbles some strange words.
The magic dart hits you.
* * * LOW HITPOINT WARNING * * *
You are too injured to fight recklessly!
You are too injured to fight recklessly!
You are too injured to fight recklessly!
You hit Natasha but do no damage.
Natasha is almost dead.
Your white imp misses Natasha.
Natasha claws you.
You die...

#. #.#
##.##.#
.....#.#+###
.).....5h...
.$.....@....
............
##.<######.
#.## ...
####


You could see Natasha (ally target) and a friendly white imp (summoned).

Vanquished Creatures
  2 ball pythons (D:1)
  An endoplasm (D:1)
  A goblin (D:1)
  A jackal (D:1)
  2 bats (D:1)
  A kobold (D:1)
  2 rats (D:1)
10 creatures vanquished.

Vanquished Creatures (collateral kills)
  A gnoll (D:1)
  A dart slug (D:1)
  A ball python (D:1)
  A bat (D:1)
  3 goblins (D:1)
  4 jackals (D:1)
  A kobold (D:1)
  3 rats (D:1)
15 creatures vanquished.

Grand Total: 25 creatures vanquished

Notes
Turn   | Place    | Note
-------+----------+-------------------------------------------
     0 | D:1      | bilbop the Kobold Summoner began the quest for the Orb.
     0 | D:1      | Reached XP level 1. HP: 10/10 MP: 3/3
   295 | D:1      | Reached XP level 2. HP: 12/16 MP: 1/5
   442 | D:1      | Learned a level 2 spell: Call Imp
   614 | D:1      | Found a faded altar of an unknown god.
   753 | D:1      | Reached XP level 3. HP: 20/20 MP: 6/6
   759 | D:1      | Reached skill level 1 in Short Blades
   927 | D:1      | Learned a level 2 spell: Ensorcelled Hibernation
  1100 | D:2      | Noticed Natasha
  1109 | D:2      | Slain by Natasha

Illustrated notes

Levels and vault maps discovered:
D:1:      amcnicky_arrival_wind_blow, layout_rooms,
          hellmonk_ecumenical_altar_dog_temple
D:2:      layout_basic, kennysheep_potato, uniq_natasha

Skill      XL: |  1  2  3 |
---------------+----------+-----
Stealth        | 3 |  3.1
Short Blades   | 1 |  1.1
Fighting       | |  0.7
Dodging        | |  2.7
Spellcasting   | |  2.5
Summonings     | |  4.1

Action                   || total
-------------------------++-------
Melee: Dagger            ||    36
 Cast: Summon Small Mamm ||    17
       Call Imp          ||     4
 Stab: Sleeping          ||     6
       Distracted        ||     1
Armor: Robe              ||     6
Dodge: Dodged            ||    35

Table legend: (Time is in decaauts)
 A = Elapsed time spent in this place.
 B = Non-inter-level travel time spent in this place.
 C = Inter-level travel time spent in this place.
 D = Time resting spent in this place.
 E = Time spent auto-exploring this place.
 F = Levels seen in this place.
 G = Mean time per level.
                   A        B        C        D        E       F      G
               +--------+--------+--------+--------+--------+-----+--------+
         Total |   1106 |   1088 |     18 |     31 |    851 |   2 |  553.0 |
       Dungeon |   1106 |   1088 |     18 |     31 |    851 |   2 |  553.0 |
               +--------+--------+--------+--------+--------+-----+--------+

Top non-repeatable levels by time:
     D:1: 1098 daAuts
     D:2: 8 daAuts
